 Dungeon Crawl Stone Soup version 0.32-a0-656-g3542139ebd (webtiles) character file.

Game seed: 5804075389108618399

956 croobank the Shield-Bearer (level 7, -2/62 HPs)
             Began as a Mountain Dwarf Fighter on Mar 8, 2024.
             Was an Initiate of Gozag.
             Slain by an ogre
             ... wielding a +0 giant club
              (13 damage)
             ... on level 6 of the Dungeon.
             The game lasted 00:11:07 (4806 turns).

croobank the Shield-Bearer (Mountain Dwarf Fighter) Turns: 4806, Time: 00:11:07

Health: -2/62      AC:  9    Str: 21    XL:     7   Next: 91%
Magic:  7/7        EV: 10    Int:  8    God:    Gozag
Gold:   493        SH:  5    Dex:  9    Spells: 6/6 levels left

rFire   + . .        s - +2 war axe (elec)
rCold   + . .        c - +0 buckler
rNeg    . . .        f - +2 ring mail {rPois}
rPois   +            h - +0 helmet
rElec   .            u - scarf {harm}
rCorr   .            (no gloves)
SInv    .            (no boots)
Will    .....        t - amulet of the acrobat Stlth
                     i - ring of protection from cold
HPRegen 0.30/turn    n - ring of protection from fire
MPRegen 0.10/turn

%: harm (+30% outgoing, +20% incoming), acrobat
@: studying Shields
A: runic magic, artefact enchanting
a: Renounce Religion, Potion Petition, Call Merchant, Bribe Branch


You were on level 6 of the Dungeon.
You worshipped Gozag.
Gozag was aware of your devotion.
You visited 1 branch of the dungeon, and saw 6 of its levels.

You collected 781 gold pieces.
You spent 233 gold pieces at shops.
You paid 55 gold pieces to Gozag.

Inventory:

Hand Weapons
 a - a +0 war axe of protection
 s - a +2 war axe of electrocution (weapon)
 y - a +2 dagger of venom
Missiles
 m - 6 poisoned darts (quivered)
Armour
 b - a +0 scale mail
 c - a +0 buckler (worn)
 f - a +2 ring mail of poison resistance (worn)
 h - a +0 helmet (worn)
 u - a scarf of harm (worn)
 v - a +0 cloak
Jewellery
 e - a ring of willpower
 g - a ring of willpower
 i - a ring of protection from cold (left hand)
 n - a ring of protection from fire (right hand)
 t - an amulet of the acrobat (around neck)
 E - a ring of positive energy
Wands
 j - a wand of roots (10)
 z - a wand of digging (3)
Scrolls
 d - a scroll of identify
 p - a scroll of teleportation
 r - a scroll of fog {unknown}
 x - a scroll of vulnerability {unknown}
 A - a scroll of noise {unknown}
 B - a scroll of brand weapon
 C - a scroll of revelation {unknown}
 D - a scroll of silence {unknown}
Potions
 k - 3 potions of brilliance
 l - 2 potions of haste
 o - a potion of lignification
 q - 2 potions of curing
 w - a potion of enlightenment


   Skills:
 + Level 5.9 Fighting
 + Level 5.9 Axes
 + Level 5.9 Armour
 + Level 6.0 Shields


You had 6 spell levels left.
You didn't know any spells.
Your spell library contained the following spells:

 Spells                   Type           Power      Damage    Failure   Level
 Kiss of Death            Conj/Necr      0%         2d5       50%         1
 Sandblast                Erth           0%         2d4       50%         1
 Confusing Touch          Hex            0%         N/A       86%         3
 Hailstorm                Conj/Ice       0%         3d5       86%         3
 Passwall                 Erth           0%         N/A       86%         3
 Stone Arrow              Conj/Erth      0%         3d7       86%         3
 Summon Ice Beast         Ice/Summ       0%         N/A       86%         3
 Brom's Barrelling Bould  Conj/Erth      0%         2d3       99%         4
 Dispel Undead            Necr           0%         3d6       99%         4
 Sculpt Simulacrum        Ice/Alch       0%         N/A       100%        6


Dungeon Overview and Level Annotations

Branches:
Dungeon (6/15)
 Temple: D:4-7

Altars:
Dithmenos
Gozag
Kikubaaqudgha
Makhleb
Nemelex Xobeh
Ru
Vehumet
Wu Jian

Shops:
D:2 *


Innate Abilities, Weirdness & Mutations

Your spellcasting is much less encumbered by armour.
You can use scrolls of enchantment on lesser artefacts.


Message History

Okay, then.
You open the door.
Found a robe.
There is an open door here.
E - a ring of positive energy No target in view!
You start putting on your amulet.
You continue putting on your amulet of the acrobat. x5
You finish putting on your amulet of the acrobat.
You feel ready to tumble and roll out of harm's way.
t - an amulet of the acrobat (around neck)
i - a ring of protection from cold (left hand)
n - a ring of protection from fire (right hand)
Found a stone staircase leading down.
No target in view!
An ogre comes into view. It is wielding a +0 giant club.
The ogre shouts!
The ogre completely misses you.
You slash the ogre!
The ogre is heavily wounded.
You barely miss the ogre.
The ogre is heavily wounded.
The ogre hits you with a +0 giant club!
You hit the ogre but do no damage.
The ogre is heavily wounded.
The ogre closely misses you.
You hit the ogre.
The ogre is heavily wounded.
The ogre hits you with a +0 giant club!
You slash the ogre!
The ogre is almost dead.
The ogre hits you with a +0 giant club!
* * * LOW HITPOINT WARNING * * *
You completely miss the ogre.
The ogre is almost dead.
You hit the ogre.
The ogre is almost dead.
The ogre hits you with a +0 giant club!
You die...
Your body crumbles into a pile of gold.

..................#
............[.....#
######...##.##...##
######.##...##
..........#
..........#
..........#
.########.#
#....@..# #...O...#
#.......# #....>..#
#.......+ #########


You could see an ogre.

Vanquished Creatures
  2 centaurs (D:5)
  A phantom (D:4)
  A scorpion (D:4)
  2 water moccasin zombies (D:4)
  4 jellies (D:5)
  A human zombie (D:4)
  2 hounds
  2 bullfrog skeletons (D:4)
  Jessica (D:3)
  2 iguanas
  A hound zombie (D:4)
  8 adders
  3 shadow imps
  A white imp (D:5)
  2 adder zombies (D:4)
  A ribbon worm (D:3)
  3 dart slugs (D:2)
  8 orcs
  11 endoplasms
  3 giant cockroaches
  7 goblins
  5 hobgoblins
  4 jackals (D:1)
  5 quokkas
  7 ball pythons
  4 bats
  3 frilled lizards
  8 kobolds
  A quokka zombie (D:4)
  5 rats
108 creatures vanquished.

Notes
Turn   | Place    | Note
-------+----------+-------------------------------------------
     0 | D:1      | croobank the Mountain Dwarf Fighter began the quest for the
                  | Orb.
     0 | D:1      | Reached XP level 1. HP: 19/19 MP: 1/1
   211 | D:1      | Reached XP level 2. HP: 20/26 MP: 2/2
   866 | D:2      | Reached XP level 3. HP: 33/33 MP: 3/3
  1033 | D:2      | Found Qeofec's Assorted Antiques.
  1041 | D:2      | Bought a sapphire potion for 19 gold pieces
  1041 | D:2      | Bought a murky puce potion for 19 gold pieces
  1041 | D:2      | Bought a sapphire potion for 19 gold pieces
  2337 | D:3      | Reached XP level 4. HP: 40/40 MP: 4/4
  2347 | D:3      | Found an opulent altar of Gozag.
  2372 | D:3      | Noticed Jessica
  2375 | D:3      | Killed Jessica
  2376 | D:3      | Reached skill level 4 in Shields
  2380 | D:3      | Became a worshipper of Gozag Ym Sagoz the Greedy
  2415 | D:3      | Found a radiant altar of Vehumet.
  2502 | D:3      | Found a sacrificial altar of Ru.
  2729 | D:3      | Reached XP level 5. HP: 44/46 MP: 5/5
  3120 | D:2      | Bought a glowing scarf for 176 gold pieces
  3205 | D:4      | Found a sparkling altar of Nemelex Xobeh.
  3285 | D:4      | Found a burning altar of Makhleb.
  3593 | D:4      | Found a shadowy altar of Dithmenos.
  3663 | D:4      | Reached XP level 6. HP: 53/53 MP: 6/6
  3845 | D:4      | Reached skill level 5 in Shields
  3852 | D:4      | Reached skill level 5 in Armour
  3867 | D:4      | Found an ancient bone altar of Kikubaaqudgha.
  3876 | D:4      | Reached skill level 5 in Fighting
  3897 | D:4      | Reached skill level 5 in Axes
  3897 | D:4      | Reached XP level 7. HP: 58/61 MP: 7/7
  4130 | D:5      | Entered Level 5 of the Dungeon
  4338 | D:5      | Found an ornate altar of the Wu Jian Council.
  4618 | D:5      | Reached skill level 6 in Shields
  4806 | D:6      | Slain by an ogre

Illustrated notes

Levels and vault maps discovered:
D:1:      heliophobic_arrival_enchanted_forest, layout_loops_ring,
          serial_rivers, chequers_serial_rivers_small_3,
          chequers_serial_rivers_marsh, chequers_serial_rivers_large_a,
          chequers_serial_rivers_micro_c
D:2:      layout_loops_cross, serial_co_window_serial, co_window_paths_b,
          co_window_paths_a, co_window_of_opportunity_a, co_window_paths_a,
          co_window_paths_a, co_window_corner_a, co_window_corner_a,
          co_window_of_opportunity_b, co_window_paths_c, co_window_paths_c,
          co_window_broadway_a, co_window_broadway_a, co_window_4corner_b,
          co_window_4corner_a, glass_columns_a, glass_columns_c,
          glass_columns_b, glass_columns_a, glass_columns_a, serial_shops, shop,
          minmay_close_crescents
D:3:      layout_loops_ring, nicolae_ru_great_annihilating_truth,
          nicolae_gozag_seed_capital, mainiacjoe_overflow_concentric_impassable,
          uniq_jessica
D:4:      layout_loops_ring, mainiacjoe_overflow_alcove_4,
          lemuel_mausoleum_altar_kikubaaqudgha, kennysheep_little_box,
          minmay_ruined_shrine
D:5:      wander_river, layout_rooms, amcnicky_altar_gilded, minmay_manual_mares
D:6:      layout_gridville, xom_butterflies, mainiacjoe_overflow_alcove_3,
          uniq_duvessa

Skill      XL: |  1  2  3  4  5  6  7 |
---------------+----------------------+-----
Axes           | 3 4 5 |  5.9
Fighting       | 4 5 |  5.9
Armour         | 4 5 |  5.9
Shields        | 4 5 6 |  6.0

Action                     |  1- 3 |  4- 6 |  7- 9 || total
---------------------------+-------+-------+-------++-------
  Melee: War axe           |   136 |   139 |    57 ||   332
    Use: Scroll            |     8 |     2 |       ||    10
         Potion            |       |     1 |       ||     1
   Stab: Paralysed         |       |     1 |       ||     1
         Distracted        |       |     1 |       ||     1
 Armour: Scale mail        |    90 |       |       ||    90
         Ring mail         |    18 |    89 |    36 ||   143
  Dodge: Dodged            |    72 |    62 |    30 ||   164
  Block: Buckler           |    31 |    28 |    16 ||    75

Table legend: (Time is in decaauts)
 A = Elapsed time spent in this place.
 B = Non-inter-level travel time spent in this place.
 C = Inter-level travel time spent in this place.
 D = Time resting spent in this place.
 E = Time spent auto-exploring this place.
 F = Levels seen in this place.
 G = Mean time per level.
                   A        B        C        D        E       F      G
               +--------+--------+--------+--------+--------+-----+--------+
         Total |   4958 |   4716 |    242 |    122 |   3657 |   6 |  826.3 |
       Dungeon |   4958 |   4716 |    242 |    122 |   3657 |   6 |  826.3 |
               +--------+--------+--------+--------+--------+-----+--------+

Top non-repeatable levels by time:
     D:2: 1289 daAuts
     D:3: 1088 daAuts
     D:4: 1008 daAuts
     D:1: 859 daAuts
     D:5: 667 daAuts
     D:6: 44 daAuts
